 Dungeon Crawl Stone Soup version 0.23.0 (webtiles) character file.

Game seed: 492034447357972891

1143 xeno23 the Caller (level 8, -5/61 HPs)
             Began as a Mummy Summoner on Feb 11, 2019.
             Hit by a stone thrown by an orc warrior (15 damage)
             ... on level 6 of the Dungeon.
             The game lasted 00:33:14 (8463 turns).

xeno23 the Caller (Mummy Summoner)                  Turns: 8463, Time: 00:33:15

Health: -5/61      AC:  3    Str: 11    XL:     8   Next: 15%
Magic:  24/26      EV: 11    Int: 16    God:
Gold:   266        SH:  0    Dex: 13    Spells: 5/19 levels left

rFire    . . .     SeeInvis .   f - +1 spear (venom)
rCold    . . .     Gourm    .   (no shield)
rNeg     + + +     Faith    .   h - +0 leather armour (curse)
rPois    ∞         Spirit   .   (no helmet)
rElec    .         Reflect  .   (no cloak)
rCorr    .         Harm     .   (no gloves)
MR       +....                  (no boots)
Stlth    ++........             g - amulet of inaccuracy (curse)
HPRegen  0.20/turn              e - ring of fire
MPRegen  0.20/turn              k - ring of magical power

@: no status effects
A: no food or potions, fire vulnerability, cold resistance 1, negative energy
resistance 3, torment resistance, unbreathing
a: no special abilities


You were on level 6 of the Dungeon.
You were not hungry.

You visited 1 branch of the dungeon, and saw 6 of its levels.

You collected 266 gold pieces.

Inventory:

Hand Weapons
 c - a +1 short sword of freezing
 f - a +1 spear of venom (weapon)
Missiles
 m - 8 javelins of returning (quivered)
 n - 8 poisoned needles
Armour
 a - a +1 robe
 h - a cursed +0 leather armour (worn)
Jewellery
 e - a ring of fire (left hand)
 g - a cursed amulet of inaccuracy (around neck)
 k - a ring of magical power (right hand)
Wands
 l - a wand of scattershot (2)
 o - a wand of flame (18)
Scrolls
 b - 3 scrolls of amnesia
 d - 3 scrolls of magic mapping
 i - 2 scrolls of identify
 j - 3 scrolls of teleportation


   Skills:
 + Level 4.5 Fighting
 + Level 0.6 Polearms
 - Level 1.5 Dodging
 - Level 1.5 Stealth
 + Level 6.2 Spellcasting
 * Level 6.6 Summonings


You had 5 spell levels left.
You knew the following spells:

 Your Spells              Type           Power        Failure   Level  Hunger
a - Summon Small Mammal   Summ           ####         1%          1    N/A
b - Summon Ice Beast      Ice/Summ       ###.....     41%         4    N/A
d - Call Canine Familiar  Summ           ####....     3%          3    N/A
q - Summon Lightning Spi  Summ/Air       ###.....     41%         4    N/A
s - Call Imp              Summ           ####....     1%          2    N/A

Your spell library contained the following spells:

 Spells                   Type           Power        Failure   Level  Hunger
 Summon Guardian Golem    Hex/Summ       ###.....     14%         3    N/A

Dungeon Overview and Level Annotations

Branches:
Dungeon (6/15)             Temple (0/1) D:6

Altars:
Dithmenos
Hepliaklqana
Makhleb
Nemelex Xobeh
Trog
Uskayaw
Xom
Zin
The Shining One


Innate Abilities, Weirdness & Mutations

You do not eat or drink.
Your flesh is vulnerable to fire.
You are immune to poison.
Your flesh is cold resistant. (rC+)
You are immune to negative energy. (rN+++)
You are immune to unholy pain and torment.
You can survive without breathing.


Message History

Your crimson imp barely misses Edmund.
The orc warrior throws a stone.
The stone hits you!
* * * LOW HITPOINT WARNING * * *
You take 16 damage.
Okay, then.
Your hound bites Edmund but does no damage.
Edmund hits you with a +4 flail of venom!
* * * LOW HITPOINT WARNING * * *
Your crimson imp barely misses Edmund.
Your hound bites Edmund.
The orc warrior throws a stone.
The stone hits your crimson imp but does no damage.
You take 7 damage.
Your hound bites Edmund.
Edmund hits your hound with a +4 flail of venom!
Your crimson imp hits Edmund.
Edmund dies!
Your crimson imp blinks!
The orc warrior throws a stone.
The stone closely misses your hound. The stone hits you!
You die...

.#......#.....# ....
+#......#...### #Zo#
....#..##...##########..######
.............'.......#.......+
.....>.......#.@.....#.......#
.............#.......#.......#
....#..#######.####'##........
...##..# #.##...##........
...#...# ..#@.!ho.o....... ..
#...# [..#.[............ .
#...# ....#..§........... .
#...# .....#..)...........
#.5(...........
###############


You could see an orc warrior, an orc, a friendly hound and a friendly crimson
imp.

Vanquished Creatures
  Eustachio (D:5)
  A phantom (D:6)
  An ogre (D:5)
  Blork the orc (D:6)
  A jelly (D:6)
  2 hounds
  An orc priest (D:5)
  Ijyb (D:5)
  An iguana (D:6)
  3 orc wizards
  4 worker ants
  A hound skeleton (D:4)
  A howler monkey zombie (D:6)
  6 adders
  2 oozes
  2 worms (D:5)
  4 dart slugs
  A leopard gecko (D:6)
  9 orcs
  2 ball pythons
  4 giant cockroaches
  2 goblins (D:3)
  7 hobgoblins
  9 jackals
  4 kobolds
  5 quokkas
  5 bats
  10 frilled lizards
  A leopard gecko zombie (D:6)
  5 rats
97 creatures vanquished.

Vanquished Creatures (collateral kills)
  Edmund (D:6)
  2 phantoms
  A centaur (D:4)
  A bullfrog (D:6)
  A bullfrog zombie (D:5)
  An adder (D:2)
7 creatures vanquished.

Vanquished Creatures (others)
  A rat (D:1)
1 creature vanquished.

Grand Total: 105 creatures vanquished

Notes
Turn   | Place    | Note
-------+----------+-------------------------------------------
     0 | D:1      | xeno23 the Mummy Summoner began the quest for the Orb.
     0 | D:1      | Reached XP level 1. HP: 13/13 MP: 4/4
   244 | D:1      | Reached XP level 2. HP: 20/20 MP: 5/5
   248 | D:1      | Learned a level 2 spell: Call Imp
   797 | D:2      | Reached skill level 1 in Fighting
   848 | D:1      | Reached XP level 3. HP: 13/26 MP: 4/7
  1886 | D:2      | Learned a level 3 spell: Call Canine Familiar
  1895 | D:2      | Found a glowing silver altar of Zin.
  2349 | D:2      | Reached XP level 4. HP: 29/32 MP: 9/9
  2355 | D:2      | Learned a level 4 spell: Summon Ice Beast
  2384 | D:2      | Found a hazy altar of Hepliaklqana.
  2601 | D:3      | Found a burning altar of Makhleb.
  3647 | D:3      | Reached XP level 5. HP: 29/38 MP: 10/10
  4128 | D:4      | Noticed a phantom
  4156 | D:4      | Found a glowing golden altar of the Shining One.
  4159 | D:4      | Found a sparkling altar of Nemelex Xobeh.
  4296 | D:4      | Noticed a centaur
  4651 | D:4      | Found a bloodstained altar of Trog.
  4891 | D:5      | Entered Level 5 of the Dungeon
  4924 | D:5      | Found a shadowy altar of Dithmenos.
  4976 | D:5      | Reached XP level 6. HP: 46/46 MP: 12/12
  5651 | D:6      | Reached skill level 5 in Summonings
  5678 | D:6      | Noticed an orc warrior
  5863 | D:6      | Learned a level 4 spell: Summon Lightning Spire
  6298 | D:4      | Reached skill level 5 in Spellcasting
  6695 | D:4      | Reached XP level 7. HP: 49/52 MP: 14/14
  6748 | D:5      | Noticed Eustachio
  6924 | D:5      | Killed Eustachio
  7049 | D:4      | Found a hide-covered altar of Uskayaw.
  7049 | D:4      | Found a shimmering altar of Xom.
  7082 | D:5      | Found a glowing golden altar of the Shining One.
  7153 | D:5      | Noticed Ijyb
  7487 | D:5      | Killed Ijyb
  8146 | D:6      | Reached XP level 8. HP: 45/61 MP: 17/17
  8229 | D:6      | Noticed Blork the orc
  8251 | D:6      | Killed Blork the orc
  8425 | D:6      | Found a staircase to the Ecumenical Temple.
  8429 | D:6      | Noticed Edmund
  8461 | D:6      | Killed Edmund
  8463 | D:6      | Hit by a stone thrown by an orc warrior

Skill      XL: |  1  2  3  4  5  6  7 |
---------------+----------------------+-----
Spellcasting   | 3 4 5 6 |  6.2
Fighting       | 1 2 3 4 |  4.5
Summonings     | 4 5 6 |  6.6
Polearms       | |  0.6
Dodging        | |  1.5
Stealth        | |  1.5

Action                   |  1- 3 |  4- 6 |  7- 9 || total
-------------------------+-------+-------+-------++-------
Melee: Short sword       |   131 |   126 |       ||   257
       Dagger            |     7 |       |       ||     7
       Spear             |    22 |   157 |   154 ||   333
 Cast: Summon Small Mamm |     1 |       |       ||     1
       Call Imp          |     3 |     2 |     3 ||     8
       Call Canine Famil |       |     6 |     9 ||    15
  Use: Scroll            |     5 |     4 |       ||     9
 Stab: Distracted        |     1 |       |     1 ||     2
       Sleeping          |       |     7 |     1 ||     8
Armor: Robe              |    39 |     9 |       ||    48
       Leather armour    |       |    45 |    19 ||    64
Dodge: Dodged            |   118 |   138 |    55 ||   311
